 Dungeon Crawl Stone Soup version 0.19-a0-805-g0a78ef0 (webtiles) character file.

315 seren the Insei (level 6, 0/44 HPs)
             Began as a Demonspawn Transmuter on June 27, 2016.
             Was an Initiate of Kikubaaqudgha.
             Slain by a phantom (9 damage)
             ... on level 4 of the Dungeon.
             The game lasted 00:23:03 (5439 turns).

seren the Insei (Demonspawn Transmuter)             Turns: 5439, Time: 00:23:05

Health: 0/44       AC:  7    Str: 13    XL:     6   Next: 19%
Magic:  9/9        EV: 11    Int: 14    God:    Kikubaaqudgha [......]
Gold:   175        SH:  0    Dex: 13    Spells: 2 memorised, 5 levels left

rFire  . . .     SeeInvis .       - Unarmed
rCold  + + .     Gourm    .     q - +0 leather armour
rNeg   . . .     Faith    .     (no shield)
rPois  .         Spirit   .     i - +2 hat
rElec  .         Dismiss  .     (no cloak)
rCorr  .         Reflect  .     (no gloves)
SustAt .         Harm     .     (no boots)
MR     .....                    (no amulet)
Stlth  +.........               D - ring of protection from cold
                                n - ring of protection from cold

@: drained, not resistant to hostile enchantments, very unstealthy
A: talons 1, thin metallic scales 1, powered by death 1
a: Renounce Religion


You were on level 4 of the Dungeon.
You worshipped Kikubaaqudgha.
Kikubaaqudgha was noncommittal.
You were hungry.

You visited 2 branches of the dungeon, and saw 5 of its levels.
You also visited: Ossuary.

You collected 175 gold pieces.

Inventory:

Missiles
 a - 147 arrows
 s - 126 stones (quivered)
 y - a throwing net
Armour
 i - a +2 hat (worn)
 j - a +0 scale mail
 q - a +0 leather armour (worn)
Rods
 r - a +0 rod of clouds (11/11)
   (You found it on level 2 of the Dungeon)
Jewellery
 n - a ring of protection from cold (left hand)
 D - a ring of protection from cold (right hand)
Scrolls
 e - a scroll of enchant weapon {unknown}
 g - a scroll of remove curse {unknown}
 h - 2 scrolls of noise
 k - a scroll of amnesia {unknown}
 p - a scroll of immolation {unknown}
 t - a scroll of enchant armour {unknown}
 w - a scroll of identify {unknown}
 C - a scroll of fog {unknown}
Potions
 b - a potion of brilliance {unknown}
 l - a potion of lignification {unknown}
 o - a potion of might {unknown}
 u - a potion of agility {unknown}
 v - 3 potions of heal wounds {unknown}
 x - 2 potions of flight {unknown}
 z - a potion of berserk rage {unknown}
 A - a potion of degeneration {unknown}
Books
 c - a book of Changes

   Spells                             Type                      Level
   a - Beastly Appendage              Transmutation                1
   b - Sticks to Snakes               Transmutation                2
   c - Spider Form                    Transmutation/Poison         3
   d - Ice Form                       Ice/Transmutation            4
   e - Blade Hands                    Transmutation                5
Comestibles
 d - 2 bread rations
 f - 2 beef jerkies
 m - 2 meat rations


   Skills:
 - Level 1.9(1.2) Fighting
 - Level 1.7(1.1) Dodging
 + Level 5.6(4.9) Unarmed Combat
 - Level 2.0(1.3) Spellcasting
 - Level 3.0(2.3) Transmutations


You had 5 spell levels left.
You knew the following spells:

 Your Spells              Type           Power        Failure   Level  Hunger
a - Beastly Appendage     Tmut           #.....       14%         1    ##.....
s - Spider Form           Tmut/Pois      #.........   63%         3    ####...


Dungeon Overview and Level Annotations

Branches:
Dungeon (4/15)             Temple (1/1) D:4

Altars:
Cheibriados
Dithmenos
Hepliaklqana
Kikubaaqudgha
Makhleb
Nemelex Xobeh
Ru
Sif Muna
Trog
Uskayaw
Vehumet
Yredelemnul

Annotations:
D:4 Natasha


Innate Abilities, Weirdness & Mutations

You have sharp toenails.
You are partially covered in thin metallic scales. (AC +2)
You regenerate a little health from kills.


Message History

You miss the phantom.
The phantom is heavily damaged.
Your horns disappear.
The phantom misses you.
You hit the phantom. Your kick misses the phantom.
The phantom is heavily damaged.
The phantom barely misses you.
You completely miss the phantom. Your kick misses the phantom.
The phantom is heavily damaged.
The phantom hits you.
The phantom blinks!
You hit the phantom.
The phantom is heavily damaged.
Natasha claws you but does no damage. The phantom hits you.
You barely miss the phantom. Your kick misses the phantom.
The phantom is heavily damaged.
Natasha claws you!
* * * LOW HITPOINT WARNING * * *
The phantom hits you!
You die...
Kikubaaqudgha rasps: "You have failed me!
Welcome... death!"

#(# #..................
#.# ##.....##########..
#.#....................
#.####.....##########..
#.#...###### #..
#.#...# #..
#.#...####### #..
#.#...h.....# ### #.#
#.@W....########
#.###..............####
#......................
#..................####
#..................#
#.#.###.............#
#.#.# #.............#
#.#.# #.............#
#########.#.#
#.............#


You could see a phantom and Natasha.

Vanquished Creatures
  A crimson imp (D:3)
  Natasha (D:4)
  3 big kobold zombies (Ossuary)
  A mummy (Ossuary)
  4 adders
  An adder zombie (D:4)
  3 worms
  A giant gecko (D:1)
  8 orcs (D:3)
  6 spectral bats (Ossuary)
  2 giant cockroaches
  9 gnoll zombies (Ossuary)
  6 goblins
  6 hobgoblins
  12 jackals
  10 kobolds
  3 quokkas
  A ball python (D:3)
  8 bats
  2 bat simulacra (Ossuary)
  5 giant newts
  2 goblin simulacra (Ossuary)
  4 goblin zombies (Ossuary)
  6 hobgoblin zombies (Ossuary)
  8 kobold simulacra (Ossuary)
  3 kobold zombies (Ossuary)
  5 orc zombies (Ossuary)
  A quokka skeleton (D:4)
  8 rats
  A rat simulacrum (Ossuary)
  2 spectral goblins (Ossuary)
  A spectral kobold (Ossuary)
  4 spectral rats (Ossuary)
138 creatures vanquished.

Notes
Turn   | Place    | Note
--------------------------------------------------------------
     0 | D:1      | seren the Demonspawn Transmuter began the quest for the Orb.
     0 | D:1      | Reached XP level 1. HP: 15/15 MP: 3/3
   438 | D:1      | Gained mutation: You are partially covered in thin metallic scales. (AC +2) [demonic ancestry]
   438 | D:1      | Reached XP level 2. HP: 20/21 MP: 5/5
  1528 | D:2      | Gained mutation: You regenerate a little health from kills. [demonic ancestry]
  1528 | D:2      | Reached XP level 3. HP: 16/26 MP: 6/6
  1782 | D:2      | Reached skill level 3 in Unarmed Combat
  2611 | D:3      | Reached XP level 4. HP: 33/33 MP: 7/7
  3080 | D:2      | Reached skill level 4 in Unarmed Combat
  3321 | D:2      | Reached XP level 5. HP: 35/38 MP: 8/8
  3689 | D:3      | Found a hide-covered altar of Uskayaw.
  4161 | D:4      | Learned a level 3 spell: Spider Form
  4162 | D:4      | Noticed a phantom
  4399 | D:4      | Found a sand-covered staircase.
  4408 | Ossuary  | Entered an ossuary
  4613 | Ossuary  | Reached skill level 5 in Unarmed Combat
  4829 | Ossuary  | Gained mutation: You have sharp toenails. [demonic ancestry]
  4829 | Ossuary  | Reached XP level 6. HP: 44/44 MP: 9/9
  5016 | D:4      | Noticed Natasha
  5026 | D:4      | Killed Natasha
  5153 | D:4      | Found a staircase to the Ecumenical Temple.
  5162 | Temple   | Entered the Ecumenical Temple
  5342 | Temple   | Became a worshipper of Kikubaaqudgha
  5434 | D:4      | Noticed Natasha
  5439 | D:4      | Slain by a phantom

Vault maps used:
D:1:      dpeg_arrival_ternary
D:2:      first_bread, kennysheep_nub
D:3:      nicolae_overflow_hidden_temple, nrook_mini_backslash
D:4:      nicolae_ossuary_entry_monument, serial_bayou_pond_d, uniq_natasha
Temple:   minmay_temple_curvy_loop
Ossuary:  ossuary_zaba_two_paths

Skill      XL: |  1  2  3  4  5 |
---------------+----------------+-----
Transmutations | 2 3 |  3.0
Unarmed Combat | 3 4 5 |  5.6
Fighting       | |  1.9
Dodging        | |  1.7
Spellcasting   | |  2.0

Action                   |  1- 3 |  4- 6 || total
-------------------------+-------+-------++-------
Melee: Unarmed           |   217 |   548 ||   765
       Punch             |     3 |    11 ||    14
       Kick              |       |    22 ||    22
       Headbutt          |       |     3 ||     3
Throw: Stone             |       |     3 ||     3
 Cast: Beastly Appendage |       |     4 ||     4
  Use: Scroll            |       |     1 ||     1
 Stab: Sleeping          |     1 |     1 ||     2
  Eat: Chunk             |     6 |     6 ||    12
       Royal jelly       |       |     1 ||     1
       Fruit             |       |     1 ||     1
Armor: Robe              |    51 |       ||    51
       Leather armour    |    45 |   172 ||   217
Dodge: Dodged            |   206 |   292 ||   498
